Map: Mech Depot LE

Players

SamuraiFunn

  • Race: Protoss Protoss
  • Spawn Location: 7:00

A.I. 1 (Very Hard) - Winner!

  • Race: Protoss Protoss
  • Spawn Location: 1:00

VOD

Have the link to the VOD?

Description

Time

  • Played on: Oct. 28, 2017, 10:19 p.m.
  • Length: 11:27
Show
View Real Time Build Order
Export as new Build Order

SamuraiFunn Protoss 

Build Orders:  

Get SALT Encoding   

  12  0:01  Probe (Chrono Boost)  
  13  0:12  Probe (Chrono Boost)  
  14  0:18  Pylon  
  14  0:22  Probe (Chrono Boost)  
  15  0:37  Probe (Chrono Boost)  
  15  0:40  Gateway  
  16  0:47  Probe (Chrono Boost)  
  17  0:51  Assimilator  
  17  0:58  Probe (Chrono Boost)  
  18  1:05  Gateway  
  18  1:17  Pylon  
  18  1:21  Probe (Chrono Boost)  
  19  1:27  Zealot  
  19  1:31  Probe (Chrono Boost)  
  22  1:43  Probe (Chrono Boost)  
  22  1:46  Assimilator  
  23  1:53  Probe (Chrono Boost), Zealot  
  26  1:55  Zealot  
  28  2:05  Gateway  
  28  2:08  Pylon  
  29  2:15  Probe (Chrono Boost)  
  29  2:25  Zealot  
  29  2:26  Zealot  
  29  2:27  Probe (Chrono Boost)  
  34  2:37  Cybernetics Core  
  34  3:05  Nexus  
  34  3:22  Pylon  
  34  3:24  Probe (Chrono Boost)  
  35  3:29  Forge  
  35  3:35  Probe (Chrono Boost)  
  36  3:43  Twilight Council  
  36  3:48  Zealot x2  
  40  3:54  Zealot  
  42  4:04  Protoss Ground Weapons Level 1  
  42  4:13  Probe (Chrono Boost)  
  43  4:21  Charge  
  43  4:30  Stalker, Zealot  
  47  4:48  Pylon  
  47  4:49  Probe (Chrono Boost)  
  48  4:52  Stalker  
  51  5:00  Probe (Chrono Boost)  
  51  5:03  Probe (Chrono Boost)  
  52  5:11  Stalker  
  52  5:12  Stalker  
  52  5:13  Probe (Chrono Boost)  
  57  5:32  Probe (Chrono Boost)  
  58  5:37  Probe (Chrono Boost)  
  60  5:43  Probe (Chrono Boost), Stalker x2  
  60  5:48  Probe (Chrono Boost)  
  65  5:53  Probe (Chrono Boost)  
  66  5:58  Probe (Chrono Boost), Protoss Shields Level 1  
  67  6:07  Blink  
  67  6:12  Zealot  
  69  6:21  Pylon  
  69  6:29  Pylon  
  69  6:37  Pylon  
  69  6:39  Stalker  
  71  6:52  Assimilator  
  71  6:54  Assimilator  
  71  6:56  Nexus  
  71  7:05  Stalker x2  
  73  7:10  Gateway  
  73  7:22  Robotics Facility  
  73  7:24  Robotics Facility  
  73  7:27  Robotics Facility  
  73  7:31  Stalker  
  73  7:35  Stalker  
  77  7:42  Probe (Chrono Boost)  
  78  7:48  Probe (Chrono Boost)  
  79  7:52  Protoss Ground Weapons Level 2, Probe (Chrono Boost)  
  80  7:58  Stalker  
  80  7:59  Probe (Chrono Boost)  
  80  8:03  Probe (Chrono Boost)  
  84  8:12  Pylon, Stalker x2  
  86  8:18  Pylon  
  86  8:19  Probe (Chrono Boost)  
  89  8:30  Probe (Chrono Boost)  
  89  8:32  Stalker x2  
  94  8:37  Immortal  
  94  8:40  Probe (Chrono Boost)  
  97  8:51  Probe (Chrono Boost)  
  76  9:02  Probe (Chrono Boost)  
  55  9:16  Zealot x4  
  61  9:29  Immortal x3  
  73  9:57  Stalker x2  
  73  9:58  Stalker x2  
  81  10:08  Immortal x2  
  88  10:33  Nexus  
  88  10:37  Pylon  
  88  10:43  Pylon  
  88  11:00  Probe (Chrono Boost)  
  83  11:10  Probe (Chrono Boost)  
Show
View Real Time Build Order
Export as new Build Order

A.I. 1 (Very Hard) Protoss - Winner!

Build Orders: Zealot Archon 

Get SALT Encoding   

  12  0:01  Probe (Chrono Boost)  
  13  0:11  Probe (Chrono Boost)  
  14  0:20  Pylon  
  14  0:22  Probe (Chrono Boost)  
  15  0:38  Probe (Chrono Boost)  
  16  0:47  Assimilator  
  16  0:49  Probe (Chrono Boost)  
  17  0:51  Gateway  
  17  0:59  Probe (Chrono Boost)  
  17  1:00  Pylon  
  18  1:10  Probe (Chrono Boost)  
  19  1:20  Probe (Chrono Boost)  
  20  1:31  Probe (Chrono Boost)  
  21  1:38  Zealot  
  21  1:39  Gateway  
  21  1:42  Cybernetics Core  
  21  1:43  Probe (Chrono Boost)  
  24  1:52  Pylon  
  24  1:54  Probe (Chrono Boost)  
  25  2:03  Zealot  
  25  2:05  Probe (Chrono Boost)  
  28  2:12  Warp Gate  
  28  2:17  Probe (Chrono Boost)  
  29  2:24  Adept  
  29  2:29  Adept  
  31  2:31  Gateway  
  33  2:40  Gateway  
  33  2:50  Stalker  
  33  2:55  Stalker  
  37  3:01  Pylon  
  37  3:02  Probe (Chrono Boost)  
  38  3:06  Assimilator  
  39  3:14  Probe (Chrono Boost)  
  39  3:18  Adept  
  39  3:19  Adept  
  41  3:24  Stalker  
  45  3:32  Stalker  
  47  3:41  Pylon  
  47  3:59  Robotics Facility  
  47  4:08  Twilight Council  
  47  4:24  Pylon  
  47  4:47  Zealot x2  
  47  4:48  Dark Shrine  
  47  4:49  Nexus  
  51  5:14  Sentry  
  53  5:23  Stalker  
  53  5:28  Pylon  
  55  5:38  Stalker  
  57  6:00  Dark Templar x2  
  57  6:03  Probe x2 (Chrono Boost)  
  63  6:06  Stalker  
  63  6:09  Archon  
  63  6:11  Assimilator  
  65  6:14  Probe (Chrono Boost), Assimilator  
  65  6:15  Probe (Chrono Boost)  
  68  6:26  Probe (Chrono Boost)  
  68  6:27  Probe (Chrono Boost)  
  68  6:29  Dark Templar  
  71  6:37  Probe (Chrono Boost)  
  71  6:38  Probe (Chrono Boost)  
  73  6:47  Dark Templar  
  75  6:49  Probe x2 (Chrono Boost)  
  75  6:51  Stalker  
  75  6:53  Pylon  
  79  6:56  Archon  
  79  7:00  Probe (Chrono Boost)  
  79  7:01  Probe (Chrono Boost)  
  81  7:03  Dark Templar  
  83  7:12  Probe (Chrono Boost)  
  83  7:13  Probe (Chrono Boost), Pylon  
  83  7:15  Dark Templar  
  87  7:21  Observer  
  89  7:23  Archon  
  89  7:24  Probe x2 (Chrono Boost)  
  90  7:33  Dark Templar  
  90  7:35  Probe (Chrono Boost)  
  90  7:36  Probe (Chrono Boost)  
  94  7:37  Pylon  
  94  7:45  Dark Templar  
  94  7:46  Probe (Chrono Boost)  
  94  7:48  Probe (Chrono Boost)  
  98  7:53  Archon  
  98  7:56  Dark Templar  
  98  7:57  Probe (Chrono Boost)  
  101  8:00  Pylon  
  101  8:08  Dark Templar  
  103  8:16  Forge  
  103  8:18  Sentry  
  105  8:21  Forge  
  105  8:22  Stalker  
  105  8:24  Pylon  
  107  8:28  Stalker  
  109  8:36  Pylon  
  109  8:38  Stalker  
  109  8:40  Stalker  
  113  8:42  Nexus  
  113  8:45  Zealot  
  111  8:49  Zealot  
  103  8:59  Zealot  
  103  9:01  Stalker  
  103  9:02  Immortal  
  95  9:03  Sentry  
  95  9:09  Zealot  
  101  9:18  Adept  
  101  9:23  Sentry, Protoss Ground Weapons Level 1  
  105  9:32  Protoss Ground Armor Level 1  
  105  9:33  Photon Cannon  
  105  9:36  Pylon  
  105  9:38  Immortal  
  109  9:53  Stalker  
  109  9:56  Probe x2 (Chrono Boost)  
  109  9:57  Probe (Chrono Boost)  
  115  10:08  Probe x2 (Chrono Boost)  
  115  10:09  Probe (Chrono Boost)  
  115  10:12  Assimilator  
  117  10:16  Photon Cannon, Immortal  
  117  10:20  Photon Cannon, Probe (Chrono Boost)  
  117  10:21  Probe (Chrono Boost)  
  123  10:23  Probe (Chrono Boost), Pylon  
  124  10:31  Probe (Chrono Boost)  
  124  10:32  Probe (Chrono Boost)  
  124  10:35  Probe (Chrono Boost)  
  127  10:38  Stalker  
  127  10:41  Adept  
  127  10:42  Probe (Chrono Boost)  
  132  10:44  Probe (Chrono Boost)  
  132  10:46  Probe (Chrono Boost)  
  134  10:50  Sentry  
  134  10:51  Photon Cannon  
  134  10:52  Sentry  
  134  10:54  Probe (Chrono Boost)  
  134  10:55  Pylon  
  144  10:57  Probe (Chrono Boost)  
  144  11:00  Zealot  
  144  11:01  Zealot  
  130  11:12  Stalker  
  130  11:13  Zealot  
  130  11:17  Photon Cannon  
  128  11:19  Zealot  
  128  11:20  Stalker  
Tags
 
Composition
Zealot Archon
Matchup
PvP
Replay Pack
First 100 games
Spawn Locations
Cross Positions
Add a new tag
Caveats
  • Supply blocks, unpowered buildings, or Contaminate may cause inaccurate times.
  • Supply counts are checked every 10 seconds.